 Dungeon Sprint DCSS version 0.29-a0-993-g4a18f31a58 (webtiles) character file.

Game seed: 4499669377177974975

158 mhtbhm the Grappler (level 5, -7/72 HPs)
             Began as a Troll Transmuter on Aug 3, 2022.
             Mangled by an ogre
             ... wielding a +0 giant club
              (21 damage)
             ... in the Dungeon (Sprint IX: "|||||||||||||||||||||||||||||").
             The game lasted 00:00:32 (191 turns).

mhtbhm the Grappler (Troll Transmuter)               Turns: 191, Time: 00:00:32

Health: -7/72      AC:  4    Str: 20    XL:     5   Next: 16%
Magic:  5/8        EV: 10    Int:  9    God:
Gold:   0          SH:  0    Dex: 10    Spells: 8/9 levels left

rFire   . . .      SeeInvis .     - Unarmed
rCold   . . .      Faith    .   (no shield)
rNeg    . . .      Spirit   .   a - +0 robe
rPois   .          Reflect  .   (helmet restricted)
rElec   .          Harm     .   (no cloak)
rCorr   .          Rampage  .   (gloves unavailable)
Will    .....      NoTele   +   (boots unavailable)
Stlth   ..........              (no amulet)
HPRegen 1.02/turn               (no ring)
MPRegen 0.11/turn               (no ring)

@: berserking (expiring), very quick
A: large, unfitting armour, claws 3, regeneration 1, shaggy fur 1, tough skin 1
a: no special abilities


You were in the Dungeon.
You visited 1 branch

Inventory:

Armour
 a - a +0 robe (worn)
Potions
 e - a potion of haste
 f - 2 potions of magic


   Skills:
 + Level 1.4 Fighting
 + Level 3.5 Dodging
 + Level 8.1 Unarmed Combat
 + Level 2.9 Spellcasting
 + Level 3.3 Transmutations


You had 8 spell levels left.
You knew the following spells:

 Your Spells              Type           Power      Damage    Failure   Level
a - Beastly Appendage     Tmut           14%        N/A       8%          1

Your spell library contained the following spells:

 Spells                   Type           Power      Damage    Failure   Level
 Wereblood                Tmut           7%         N/A       12%         2
 Spider Form              Tmut/Pois      4%         N/A       43%         3
 Ice Form                 Ice/Tmut       4%         N/A       83%         4


Dungeon Overview and Level Annotations

Branches:
Dungeon (1/1)

Altars:


Innate Abilities, Weirdness & Mutations

You are too large for most types of armour.
You have claws for hands.
Your natural rate of healing is unusually fast.
You are covered in fur. (AC +1)
You have tough skin. (AC +1)


Message History

HP restored.
You start resting.
Magic restored.
You open the door.
A red film seems to cover your vision as you go berserk!
You feel yourself moving faster!
You feel mighty!
The orc wizard mumbles some strange words.
The orc wizard flickers and vanishes!
The ice beast barely misses you.
You scratch the ice beast.
The ice beast is lightly wounded.
The ice beast hits you. The ice beast freezes you!
You completely miss the ice beast.
The ice beast is lightly wounded.
You closely miss the ice beast.
The ice beast is lightly wounded.
The ice beast hits you but does no damage.
You barely miss the ice beast.
The ice beast is lightly wounded.
You completely miss the ice beast.
The ice beast is lightly wounded.
The ice beast hits you. The ice beast freezes you!
You claw the ice beast!
The ice beast is moderately wounded.
You barely miss the ice beast.
The ice beast is moderately wounded.
The ice beast hits you. The ice beast freezes you!
* * * LOW HITPOINT WARNING * * *
You mangle the ice beast!!
You kill the ice beast!
Your Dodging skill increases to level 3!
Your Unarmed Combat skill gained 2 levels and is now at level 8!
Your Transmutations skill increases to level 3!
You have reached level 4!
You have reached level 5!
Unknown command.
You barely miss the ogre. You mangle the ogre!!
The ogre is severely wounded.
The ogre hits you with a +0 giant club!!
You die...

▓▓▓
▓<▓
▓.▓
▓.▓
▓@▓
▓O▓
▓O▓
▓.▓
▓{▓
▓.▓
▓.▓
▓'▓
▓O▓


You could see 2 ogres.

Vanquished Creatures
  An ice beast (D)
  A scorpion (D)
  2 endoplasms (D)
  A kobold (D)
  A ball python (D)
  A goblin (D)
7 creatures vanquished.

Notes
Turn   | Place    | Note
-------+----------+-------------------------------------------
     0 | D        | mhtbhm the Troll Transmuter began the quest for the Orb.
     0 | D        | Reached XP level 1. HP: 18/18 MP: 1/1
   123 | D        | Noticed a scorpion
   123 | D        | Noticed an ice beast
   123 | D        | Noticed an ogre
   123 | D        | Noticed an ogre
   123 | D        | Noticed an orc wizard
   130 | D        | Killed a scorpion
   131 | D        | Reached skill level 1 in Fighting
   131 | D        | Reached skill level 6 in Unarmed Combat
   131 | D        | Reached XP level 2. HP: 8/27 MP: 0/4
   131 | D        | Reached XP level 3. HP: 9/33 MP: 0/5
   189 | D        | Killed an ice beast
   190 | D        | Reached skill level 8 in Unarmed Combat
   190 | D        | Reached XP level 4. HP: 11/41 MP: 5/7
   190 | D        | Reached XP level 5. HP: 13/48 MP: 5/8
   191 | D        | Mangled by an ogre

Illustrated notes

Levels and vault maps discovered:
D:        linesprint [early_d, line_temple, items_1, d_10, items_2, lair_1,
          lair_end, items_3, orc_1, orc_end, items_4, d_15, swamp_1, shoals_1,
          snake_1, spider_1, d_20, vaults_1, items_5, swamp_end, shoals_end,
          snake_end, spider_end, vaults_end, d_27, items_6, zot_1, zot_end,
          crypt_end, forest_end, elf_end, slime_end, tomb_end, abyss_end,
          pan_hell_end]

Skill      XL: |  1  2  3 |
---------------+----------+-----
Dodging        | 2 3 |  3.5
Fighting       | 1 |  1.4
Unarmed Combat | 6 8 |  8.1
Spellcasting   | 2 |  2.9
Transmutations | 2 3 |  3.3

Action                   |  1- 3 |  4- 6 || total
-------------------------+-------+-------++-------
Melee: Unarmed           |    27 |     2 ||    29
       Headbutt          |     2 |       ||     2
 Cast: Beastly Appendage |     1 |       ||     1
  Use: Potion            |     4 |       ||     4
       Scroll            |     1 |       ||     1
Armor: Robe              |     6 |       ||     6
Dodge: Dodged            |     4 |       ||     4

Table legend: (Time is in decaauts)
 A = Elapsed time spent in this place.
 B = Non-inter-level travel time spent in this place.
 C = Inter-level travel time spent in this place.
 D = Time resting spent in this place.
 E = Time spent auto-exploring this place.
 F = Levels seen in this place.
 G = Mean time per level.
                   A        B        C        D        E       F      G
               +--------+--------+--------+--------+--------+-----+--------+
         Total |    185 |    185 |      0 |    144 |      3 |   1 |  185.0 |
       Dungeon |    185 |    185 |      0 |    144 |      3 |   1 |  185.0 |
               +--------+--------+--------+--------+--------+-----+--------+

Top non-repeatable levels by time:
       D: 185 daAuts
